Cogmind - Beta 9.6 @@@ ROGUE MODE // 2020.08.23 @ 13:51:14 Player: Cracklepappy Result: Self-destructed Performance ------------- Evolutions (1) 500 Regions Visited (2) 400 Robots Destroyed (9) 45 Value Destroyed (104) 104 Prototype IDs (2) 40 Alien Tech Used (0) 0 Bonus (0) 0 TOTAL SCORE: 1089 Bonus ------- None Cogmind --------- Core Integrity 359/400 Matter 285/300 Energy 250/250 System Corruption 0% Temperature Cool (97) Movement Core (700) Ox13 Location -9/Materials Parts ------- > --- POWER (1) -------- Ion Engine > --- PROPULSION (2) --- Compact Wheel > --- UTILITY (4) ------ Large Storage Unit Large Storage Unit Weapon Shielding > --- WEAPON (2) ------- Small Laser Small Laser > --- INVENTORY (16) --- Ion Engine Ion Engine Light Ion Engine Light Ion Engine Light Treads Light Treads Compact Wheel Large Storage Unit Large Storage Unit Medium Battery (200) Medium Matter Pod (39) Small Laser Light Assault Rifle Mini Grenade Launcher Peak State ------------ > --- POWER ------------ Ion Engine > --- PROPULSION ------- Wheel Compact Wheel > --- UTILITY ---------- Large Storage Unit Large Storage Unit Weapon Shielding > --- WEAPON ----------- Small Laser Small Laser > --- INVENTORY -------- Ion Engine Ion Engine Light Ion Engine Light Ion Engine Light Treads Light Treads Compact Wheel Compact Wheel Large Storage Unit Large Storage Unit Medium Battery Medium Matter Pod Small Laser Small Laser Light Assault Rifle [Rating: 9] Favorites ----------- Power Ion Engine Engine Ion Engine Propulsion Compact Wheel Wheel Compact Wheel Utility Large Storage Unit Storage Large Storage Unit Protection Weapon Shielding Weapon Small Laser Energy Gun Small Laser Build | -11 -10 -9 ------- Run | Scr Mat Mat Slots Evolved 2 | . . 2 Power . | . . . Propulsion . | . . . Utility 2 | . . 2 Weapon . | . . . Parts Attached 12 | 7 2 3 Power 1 | 1 . . Engine 1 | 1 . . Core . | . . . Reactor . | . . . Propulsion 3 | 2 . 1 Treads . | . . . Leg . | . . . Wheel 3 | 2 . 1 Hover . | . . . Flight . | . . . Utility 5 | 2 2 1 Device . | . . . Storage 4 | 2 2 . Processor . | . . . Hackware . | . . . Protection 1 | . . 1 Artifact . | . . . Weapon 3 | 2 . 1 Energy Gun 3 | 2 . 1 Energy Cannon . | . . . Ballistic Gun . | . . . Ballistic Cannon . | . . . Launcher . | . . . Special Weapon . | . . . Impact Weapon . | . . . Slashing Weapon . | . . . Piercing Weapon . | . . . Special Melee Weapon . | . . . Unidentified Prototypes . | . . . Parts Lost 3 | . . 3 Power . | . . . Propulsion 2 | . . 2 Utility . | . . . Weapon 1 | . . 1 Highest Loss Streak 3 | . . 3 Average Slot Usage (%) 94 | . 100 78 Engine 13 | . 14 11 Wheel 24 | . 28 15 Storage 26 | . 28 22 Protection 2 | . . 8 Energy Gun 26 | . 28 20 Naked Turns . | . . . Heaviest Build 40 | 15 39 40 Greatest Support 26 | 26 26 26 Greatest Overweight (x) 2 | 1 1 2 Average Overweight (x) . | . . 1 Largest Inventory Capacity 16 | 8 16 16 Average Capacity 12 | 6 13 16 Most Carried 16 | 8 16 16 Average Carried 11 | 4 12 15 Final Capacity 16 | 8 16 16 Final Carried 16 | 8 16 14 Class Distribution -------------------- 100% | Mutant Dominant Class ---------------- Mutant | -10/Materials Mutant | -9/Materials Resources | -11 -10 -9 ----------- Run | Scr Mat Mat Matter Collected 329 | 270 59 . Remotely . | . . . Salvage Created 236 | 111 79 46 Parts 18 | 10 6 2 Haulers Intercepted . | . . . Recyclers Shooed . | . . . Parts Field Recycled . | . . . Retrieved Matter . | . . . Parts Self-Destructed . | . . . Prevented . | . . . Kills | -11 -10 -9 ------- Run | Scr Mat Mat Combat Hostiles Destroyed 6 | . 4 2 Guns 6 | . 4 2 Classes Destroyed 4 | 2 1 1 Tunneler 2 | 2 . . Recycler 1 | 1 . . Swarmer 5 | . 4 1 Grunt 1 | . . 1 Best Kill Streak 2 | 2 2 1 Combat Bots Only 2 | . 2 1 Max Kills in Single Turn 1 | 1 1 1 Gunslinging . | . . . Exploded . | . . . Melee . | . . . Uniques/NPCs Destroyed . | . . . Combat | -11 -10 -9 -------- Run | Scr Mat Mat Damage Taken 306 | . 94 212 Core 58 | . 17 41 Absorbed by Shields . | . . . Core Remaining (%) 96 | 100 93 . Volleys Fired 28 | 6 11 11 Largest 2 | 2 2 2 Hottest 80 | 80 80 80 Shots Fired 55 | 12 22 21 Gun 55 | 12 22 21 Cannon . | . . . Launcher . | . . . Special . | . . . Kinetic . | . . . Thermal 55 | 12 22 21 Explosive . | . . . Electromagnetic . | . . . Robot Hit Streak 9 | 5 6 9 Robot Miss Streak 4 | 1 2 4 Penetration Max . | . . . Secondary Targets . | . . . Shots Hit Robots 29 | 7 9 13 Core Hits 11 | 4 4 3 Critical Hits . | . . . Critical Kills . | . . . Critical Parts Destroyed . | . . . Melee Attacks . | . . . Impact . | . . . Slashing . | . . . Piercing . | . . . Sneak Attacks . | . . . Combat Hostiles . | . . . Follow-up Attacks . | . . . Damage Inflicted 307 | 65 86 156 Guns 307 | 65 86 156 Cannons . | . . . Explosions . | . . . Melee . | . . . Ramming . | . . . Kinetic . | . . . Thermal 307 | 65 86 156 Explosive . | . . . Electromagnetic . | . . . Impact . | . . . Slashing . | . . . Piercing . | . . . Highest Corruption . | . . . Average Corruption . | . . . Corruption Purged . | . . . Overload Shots . | . . . Overflow Damage . | . . . Projectiles . | . . . Explosions . | . . . Melee . | . . . Knockbacks . | . . . Impact . | . . . Kinetic . | . . . Secondary . | . . . Self-Inflicted Damage . | . . . Shots . | . . . Rammed . | . . . Targets Rammed . | . . . Kicked . | . . . Crushed . | . . . Highest Temperature 97 | 54 72 97 Average Temperature 36 | 23 35 45 Received Heat Transfer 60 | . . 60 Siege Activations . | . . . Robots Corrupted . | . . . Combat Hostiles . | . . . Parts Fried . | . . . Impact Corruptions . | . . . Robots Melted . | . . . Combat Hostiles . | . . . Parts Melted 2 | . 1 1 Heat Transferred 700 | 150 200 350 Parts Sabotaged . | . . . Parts Stolen . | . . . Parts Stripped . | . . . Power Chain Reactions . | . . . Missiles Intercepted . | . . . Alert | -11 -10 -9 ------- Run | Scr Mat Mat Peak Influence 120 | 15 120 90 Average Influence 43 | 4 53 65 Maximum Alert Level . | . . . Low Security (%) 100 | 100 100 100 Level 1 . | . . . Level 2 . | . . . Level 3 . | . . . Level 4 . | . . . Level 5 . | . . . High Security . | . . . Max Security . | . . . Squads Dispatched . | . . . Investigation . | . . . Extermination . | . . . Reinforcement . | . . . Assault . | . . . Garrison . | . . . Intercept . | . . . Construction Impeded . | . . . Haulers Reinforced . | . . . Stealth | -11 -10 -9 --------- Run | Scr Mat Mat Distress Signals 1 | . 1 . Communications Jammed . | . . . Distress Signals . | . . . Times Spotted 18 | . 11 7 Peak Tracking Total 7 | . 7 4 Tactical Retreats 3 | . 2 1 Traps | -11 -10 -9 ------- Run | Scr Mat Mat Traps Triggered . | . . . Indirectly . | . . . Trap Hack Attempts . | . . . Triggered . | . . . Disarmed . | . . . Reprogrammed . | . . . Reused . | . . . Traps Extracted . | . . . Installed . | . . . Triggered . | . . . Machines | -11 -10 -9 ---------- Run | Scr Mat Mat Machines Disabled . | . . . Max in Single Turn . | . . . Machines Sabotaged . | . . . Garrisons Compromised . | . . . Overloaded Fab Kills . | . . . Fab Network Shutdowns . | . . . Hacking | -11 -10 -9 --------- Run | Scr Mat Mat Machines Accessed 3 | . 3 . Terminals 3 | . 3 . Fabricators . | . . . Repair Stations . | . . . Recycling Units . | . . . Scanalyzers . | . . . Garrison Access . | . . . Total Hacks 8 | . 8 . Successful 4 | . 4 . Failed 4 | . 4 . Catastrophic 1 | . 1 . Database Lockouts . | . . . Manual 4 | . 4 . Terminals 8 | . 8 . Fabricators . | . . . Repair Stations . | . . . Recycling Units . | . . . Scanalyzers . | . . . Garrison Access . | . . . Terminal Hacks 4 | . 4 . Part Schematic 1 | . 1 . Prototype ID Bank 1 | . 1 . Unreport Threat 1 | . 1 . Locate Traps 1 | . 1 . Fabricator Hacks . | . . . Repair Station Hacks . | . . . Recycling Unit Hacks . | . . . Scanalyzer . | . . . Garrison Access Hacks . | . . . Unauthorized Hacks . | . . . Terminals . | . . . Fabricators . | . . . Repair Stations . | . . . Recycling Units . | . . . Scanalyzers . | . . . Garrison Access . | . . . Data Cores Recovered . | . . . Used . | . . . Hacking Detections 3 | . 3 . Full Trace Events . | . . . Feedback Events . | . . . Feedback Blocked . | . . . Robot Schematics Acquired . | . . . Robots Built . | . . . Matter . | . . . Time . | . . . Total Robot Build Rating . | . . . Part Schematics Acquired 1 | . 1 . Parts Built . | . . . Matter . | . . . Time . | . . . Total Part Build Rating . | . . . Parts Repaired . | . . . Time . | . . . Parts Recycled . | . . . Recycled Matter . | . . . Retrieved Matter . | . . . Retrieved Components . | . . . Parts Scanalyzed . | . . . Part Schematics Acquired . | . . . Parts Damaged . | . . . Bothacking | -11 -10 -9 ------------ Run | Scr Mat Mat Used RIF Installer . | . . . Robots Hacked . | . . . Non-combat . | . . . Combat . | . . . Robot Hacks Applied . | . . . Relay Couplers Released . | . . . Robots Rewired . | . . . Allies Hacked . | . . . Hacks Repelled . | . . . Allies | -11 -10 -9 -------- Run | Scr Mat Mat Total Allies . | . . . Largest Group . | . . . Highest-Rated Group . | . . . Highest-Rated Ally . | . . . Total Orders . | . . . Ally Attacks . | . . . Total Damage . | . . . Kills . | . . . Allies Corrupted . | . . . Allies Melted . | . . . Intel | -11 -10 -9 ------- Run | Scr Mat Mat Robot Analysis Total . | . . . Derelict Logs Recovered . | . . . Drone Launches . | . . . Drone Recoveries . | . . . Exploration | -11 -10 -9 ------------- Run | Scr Mat Mat Turns Passed 469 | 114 272 83 Spaces Moved 344 | 87 222 35 Core 11 | 11 . . Treads . | . . . Legs . | . . . Wheels 333 | 76 222 35 Hover . | . . . Flight . | . . . Fastest Speed 50 | 50 90 100 Average Speed 95 | 88 96 108 Slowest Speed 120 | 100 100 120 Overloaded Moves . | . . . Propulsion Burnouts . | . . . Robots Hopped . | . . . Cave-ins Triggered . | . . . Exploration Rate (%) 19 | 4 44 9 Regions Visited 2 Branch Regions . Pre-discovered Areas . | . . . Known Exits Taken . | . . . Unknown Exits Taken 2 | 1 1 . Scrap Searched . | . . . Spaces Dug . | . . . Terrain Destroyed . | . . . Melee . | . . . Projectile . | . . . AOE . | . . . Actions | -11 -10 -9 --------- Run | Scr Mat Mat Total 425 | 107 259 59 Wait 19 | . 10 9 Move 342 | 86 221 35 Hop . | . . . Pick Up 20 | 8 11 1 Fast Attach 7 | 7 . . Attach 3 | . . 3 Detach . | . . . Swap 2 | . 2 . Drop 4 | . 4 . Fire 28 | 6 11 11 Melee . | . . . Ram . | . . . Kick . | . . . Crush . | . . . Escape Stasis . | . . . Rewire . | . . . Trap . | . . . Miscellaneous . | . . . Route ------- -11/Scrapyard -10/Materials -9/Materials History --------- Turn | Location | Event 12 | -11/Scrapyard | Discovered new exit (range 15) 115 | -11/Scrapyard | Entered Materials 306 | -10/Materials | Build established: Mutant 351 | -10/Materials | Discovered new exit (range 4) 387 | -10/Materials | Entered another Materials area 387 | -9/Materials | Evolved 2 slots: Utility x2 470 | -9/Materials | Self-destructed Last Messages --------------- 00446_ U-05 Engineer lays Concrete. 00447_ The unstable cave ceiling collapses. 00449_ K-01 Serf collects debris. 00449_ U-05 Engineer builds a Wall. 00452_ K-01 Serf collects debris. 00452_ Com. Wheel destroyed. 00453_ U-05 Engineer lays Concrete. 00453_ U-05 Engineer builds a Wall. 00454_ U-05 Engineer lays Concrete. 00456_ K-01 Serf collects debris. 00456_ U-05 Engineer lays Concrete. 00458_ K-01 Serf collects debris. 00459_ The unstable cave ceiling collapses. 00459_ U-05 Engineer lays Concrete. 00460_ U-05 Engineer builds a Wall. 00461_ Aluminum Leg melted. 00461_ G-34 Mercenary destroyed. 00465_ U-05 Engineer lays Concrete. 00468_ K-01 Serf collects debris. 00468_ U-05 Engineer lays Concrete. Map ----- +----------------------------------------------------+ | ?????????????????????????????????????????????????? | | ?????????????????????????????????????????????????? | | ?????????????????????????????????????????????????? | | ?????????????????????????????????????????????????? | | ?????????????????????????????????????????????????? | | ?????????????????????????????????????????????????? | | ?????????????????????????????????? ??????????????? | | ?????????????????????????????????? ???? ???????? | | ?????????????????????????????????? ???? ^ ?????? | | ?????????????????????????????????? ??? ?????? | | ?????????????????????????????????? """ "?????? | | ?????????????????????????????????? """ "?????? | | ?????????????????????????????????? """ "?????? | | ?????????????????????????????????? ??????? | | ?????????????????????????????????? ???????? | | ?????????????????????????????????? ?????????? | | ???????????????????????????######## #??????????? | | ???????????????????????????# # # #??????????? | | ?????????????????????#+???## # #??????????? | | ?????????????######### ?###;;;k####u #??????????? | | ????????????? ?# = s #??????????? | | ?????????????? ?# ## ###????""????? | | ??????????????? """ ## # #??????""????? | | ??????????????? """ # u #####?? ????#? | | ????????????+ """ %+= #? ?? +? | | ?????????????# #@ """#? """ #? | | ?????????????# [ # """#? """ #? | | ?????????????# """ # ! """#? """ #? | | ?????????????# """ # """# #? | | ??????????????? """ ### # # """# ?? | | ??????????????? #### ## # """ ?? | | ??????????????? ##??###########+## """ #? | | ??????????????# #### ???????????# """ #? | | ??????????????# ???# ???????????# #? | | ??????????????# ????#+???????????# #? | | ??????????????# ??????????????????# """ | | ??????????????#???????????????????# """ | | ??????????????????????????????????# """ | | ??????????????????????????????????# ??? | | ??????????????????????????????????# ?? | | ??????????????????????????????????# ?? | | ??????????????????????????????????# ########+#?? | | ?????????????????????????????????? ???????????? | | ?????????????????????????????????# ???????????? | | ?????????????????????????????????# ???????????? | | ????????????????????????????????? ???????????? | | ?????????????????????????????????# ???????????? | | ????????????????????????????????????+????????????? | | ?????????????????????????????????????????????????? | | ?????????????????????????????????????????????????? | +----------------------------------------------------+ Best States ------------- Heat Dissipation 28 Energy Generation 10 Energy Capacity 250 Matter Stores 300 Matter Capacity 300 Sight Range 16 Terrain Scan Density 10 Weapon Shielding 33 Evasion (%) 42 Item Schematics ----------------- Hcp. Storage Unit | -10/Materials | Hacked Robot Schematics ------------------ None Fabricated ------------ Nothing Alien Tech Used ----------------- None Achievements -------------- None Challenges ------------ None Game ------ Seed DynamicCoolantPerforator Manual? 0 Play Time 00:07:54 Cumulative 121.7 hours Start 2020.08.23 @ 13:25:32 End 2020.08.23 @ 13:51:14 Sessions 3 Manual Loads 0 Difficulty Rogue Special Mode None Game No. 152 Rogue 152 Adventurer 0 Explorer 0 Win Type - Total 1 Types 1/0/0/0/0/0/0 Lore% 50 Gallery% 64 Achievement% 46 Wizard Run 0 Options --------- ASCII 0 Keyboard 0 Movement Numpad Keybinds 0 Fullscreen 2 Font 24/Smallcaps Map View 76x50 Tactical HUD 1 Map Filters NONE Filters NONE Steam 1 RUN: 3ec69c91-08ae-40fe-90fb-5af7774aa430